 Dungeon Crawl Stone Soup version 0.12.2-22-g286eab9 (webtiles) character file.

573 Sachiko the Shield-Bearer (level 5, 0/47 HPs)
             Began as a Minotaur Fighter on Aug 27, 2013.
             Was an Initiate of Ashenzari.
             Succumbed to an adder's poison
             ... on Level 4 of the Dungeon.
             The game lasted 00:10:47 (3132 turns).

Sachiko the Shield-Bearer (Minotaur Fighter)        Turns: 3132, Time: 00:10:47

HP   0/47        AC  9     Str 21      XL: 5   Next: 93%
MP   1/1         EV  7     Int  5      God: Ashenzari [......]
Gold 316         SH 20     Dex 10      Spells:  0 memorised,  4 levels left

Res.Fire  : . . .   See Invis. : .   a - +0 falchion (curse)
Res.Cold  : . . .   Warding    : .   f - +3 ring mail (curse)
Life Prot.: . . .   Conserve   : .   c - +0 shield (curse)
Res.Poison: .       Res.Corr.  : .   (helmet restricted)
Res.Elec. : .       Clarity    : .   (no cloak)
Sust.Abil.: + .     Spirit.Shd : .   (no gloves)
Res.Mut.  : .       Stasis     : .   (no boots)
Res.Rott. : .       Ctrl.Telep.: .   l - amulet of inaccuracy {unknown}
Saprovore : . . .   Flight     : .   (no ring)
                                     i - ring of sustain abilities {unknown}

@: mildly poisoned, slightly resistant to hostile enchantments, extremely
unstealthy
A: retaliatory headbutt, horns 2
a: Renounce Religion


You were on level 4 of the Dungeon.
You worshipped Ashenzari.
Ashenzari was pleased with you.
You were hungry.

You visited 1 branch of the dungeon, and saw 4 of its levels.

You collected 296 gold pieces.

Inventory:

Hand weapons
 a - a cursed +0,+0 falchion (weapon)
Armour
 b - a +0 scale mail
 c - a cursed +0 shield (worn)
 f - a cursed +3 ring mail (worn)
Comestibles
 d - 3 bread rations
 m - a meat ration
 n - a pear
Scrolls
 g - 2 scrolls of amnesia {unknown}
 j - 2 scrolls of curse weapon
 k - a scroll of recharging {unknown}
 p - a scroll of remove curse
Jewellery
 i - a ring of sustain abilities (left hand) {unknown}
 l - an amulet of inaccuracy (around neck) {unknown}


   Skills:
 + Level 5.0 Fighting
 + Level 4.1 Long Blades
 + Level 4.9 Armour
 + Level 5.3 Shields


You had 4 spell levels left.
You didn't know any spells.

Dungeon Overview and Level Annotations

Branches:
Dungeon (4/27)
 Temple: D:4-7

Altars:
Ashenzari
Sif Muna
Vehumet


Innate Abilities, Weirdness & Mutations

You reflexively headbutt those who attack you in melee.
You have a pair of horns on your head.


Message History

There is an open door here.
* * * LOW HITPOINT WARNING * * *
You feel sick. You block the adder's attack.
* * * LOW HITPOINT WARNING * * *
You feel sick.
You feel a little better.
* * * LOW HITPOINT WARNING * * *
You feel sick. You block the adder's attack.
* * * LOW HITPOINT WARNING * * *
You feel sick.
* * * LOW HITPOINT WARNING * * *
You feel sick. You block the adder's attack.
* * * LOW HITPOINT WARNING * * *
You feel sick.
You aren't carrying any potions.
There is a stone staircase leading up here.
* * * LOW HITPOINT WARNING * * *
You feel sick. The adder bites you but does no damage.
You die...

#..#..#...#..#
#..#..'...'..#
#######...####
#........##
#.#####.##
######.#####.#
#.........##S#
#.##.#..#.##.#######
#.##.#..#.##@......#
#.##.#........####.#
#.##.#..#######
#.......# #......##
####.### ##.# #..#
#.##


You could see an adder.

Vanquished Creatures
  2 orc priests (D:3)
  An orc wizard (D:3)
  8 adders
  A giant mite (D:3)
  A worm (D:2)
  3 giant geckos
  9 orcs
  10 hobgoblins
  2 jackals (D:2)
  12 kobolds
  A quokka (D:3)
  3 ball pythons
  7 bats
  3 giant newts
  4 goblins
  13 rats
80 creatures vanquished.

Vanquished Creatures (others)
  An orc wizard (D:3)
1 creature vanquished.

Grand Total: 81 creatures vanquished

Notes
Turn   | Place    | Note
--------------------------------------------------------------
     0 | D:1      | Sachiko, the Minotaur Fighter, began the quest for the Orb.
     0 | D:1      | Reached XP level 1. HP: 19/19 MP: 0/0
   303 | D:1      | Reached skill level 4 in Fighting
   303 | D:1      | Reached XP level 2. HP: 27/27 MP: 0/0
   834 | D:2      | Reached XP level 3. HP: 33/33 MP: 1/1
   952 | D:2      | Found a shattered altar of Ashenzari.
  1023 | D:2      | Became a worshipper of Ashenzari the Shackled
  1670 | D:2      | Found a deep blue altar of Sif Muna.
  2122 | D:3      | Reached XP level 4. HP: 40/40 MP: 1/1
  2289 | D:3      | Reached XP level 5. HP: 46/46 MP: 1/1
  2333 | D:3      | Reached skill level 5 in Shields
  2631 | D:3      | Reached skill level 5 in Fighting
  2735 | D:3      | Found a radiant altar of Vehumet.
  3127 | D:4      | HP: 2/47 [poisoned by an adder]
  3132 | D:4      | Succumbed to an adder's poison

Action                   |  1- 3 |  4- 6 || total
-------------------------+-------+-------++-------
Melee: Falchion          |   122 |   118 ||   240
  Use: Potion            |     3 |     5 ||     8
       Scroll            |     8 |     6 ||    14
